 Dungeon Crawl Stone Soup version 0.25-a0-292-gaa31f046c4 (webtiles) character file.

Game seed: 139905391381595895, levelgen mode: deterministic

10411 MrRokkomies the Ruffian (level 11, -4/86 HPs)
             Began as a Gnoll Wanderer on Dec 15, 2019.
             Was a Priest of Uskayaw.
             Slain by a six-headed hydra (9 damage)
             ... on level 11 of the Dungeon.
             The game lasted 00:29:15 (9525 turns).

MrRokkomies the Ruffian (Gnoll Wanderer)            Turns: 9525, Time: 00:29:16

Health: -4/86      AC:  8    Str: 21    XL:     11   Next: 61%
Magic:  20/20      EV: 16    Int: 17    God:    Uskayaw [***...]
Gold:   198        SH:  0    Dex: 14    Spells: 15/22 levels left

rFire    + . .     SeeInvis .   a - +2 great sword (elec)
rCold    . . .     Gourm    .   (shield currently unavailable)
rNeg     . . .     Faith    .   E - +2 leather armour {rF+}
rPois    .         Spirit   .   (no helmet)
rElec    .         Reflect  .   I - +0 cloak of Okawaru's Pride {Str+3 Int+2}
rCorr    .         Harm     .   J - +0 pair of gloves
MR       .....                  (no boots)
Stlth    +++.......             (no amulet)
HPRegen  0.24/turn              (no ring)
MPRegen  0.17/turn              (no ring)

@: no status effects
A: distributed training, fangs 1, strong nose
a: Stomp, Line Pass, Renounce Religion


You were on level 11 of the Dungeon.
You worshipped Uskayaw.
Uskayaw was noncommittal.
You were not hungry.

You visited 1 branch of the dungeon, and saw 11 of its levels.

You collected 687 gold pieces.
You spent 489 gold pieces at shops.

Inventory:

Hand Weapons
 a - a +2 great sword of electrocution (weapon)
 b - a +0 shortbow
 F - a +4 hand axe of flaming
Missiles
 i - 6 javelins
 m - 247 arrows
 p - 20 boomerangs (quivered)
 t - 105 bolts
 H - 3 throwing nets
Armour
 k - a +0 ring mail
 E - a +2 leather armour of fire resistance (worn)
 I - the +0 cloak of Okawaru's Pride (worn) {Str+3 Int+2}
   (You bought it in a shop on level 8 of the Dungeon)

   It affects your strength (+3).
   It affects your intelligence (+2).
 J - a +0 pair of gloves (worn)
Magical Staves
 r - an uncursed staff of wizardry
 K - an uncursed staff of air
Wands
 o - a wand of digging (14)
 w - a wand of paralysis (2)
 B - a wand of acid (14)
Scrolls
 d - 2 scrolls of teleportation
 q - 4 scrolls of remove curse
 v - 3 scrolls of enchant weapon
 x - a scroll of fear
 y - 3 scrolls of enchant armour
 A - a scroll of immolation
 C - 3 scrolls of magic mapping
 D - 2 scrolls of identify
 G - a scroll of fog
 L - 3 scrolls of amnesia
 M - a scroll of brand weapon {unknown}
Potions
 c - 6 potions of lignification
 g - 5 potions of brilliance
 h - 3 potions of haste
 j - 2 potions of agility
 l - a potion of heal wounds {unknown}
 n - 2 potions of mutation {unknown}
 s - a potion of flight
 u - a potion of resistance
 z - a potion of invisibility {unknown}
Miscellaneous
 e - a lightning rod (1/4)
Comestibles
 f - 16 rations
 N - 16 chunks of flesh


   Skills:
 + Level 7.9 Fighting
 + Level 6.3 Short Blades
 + Level 6.3 Long Blades
 + Level 6.3 Axes
 + Level 6.9 Maces & Flails
 + Level 6.3 Polearms
 + Level 6.3 Staves
 + Level 6.3 Slings
 + Level 6.3 Bows
 + Level 6.3 Crossbows
 + Level 6.9 Throwing
 + Level 7.9 Armour
 + Level 6.9 Dodging
 + Level 6.8 Stealth
 + Level 6.3 Shields
 + Level 7.9 Unarmed Combat
 + Level 6.3 Spellcasting
 + Level 5.2 Conjurations
 + Level 5.2 Hexes
 + Level 5.2 Charms
 + Level 5.2 Summonings
 + Level 5.2 Necromancy
 + Level 5.2 Translocations
 + Level 5.2 Transmutations
 + Level 5.2 Fire Magic
 + Level 5.2 Ice Magic
 + Level 5.2 Air Magic
 + Level 5.2 Earth Magic
 + Level 5.2 Poison Magic
 + Level 7.0 Invocations
 + Level 6.3 Evocations


You had 15 spell levels left.
You knew the following spells:

 Your Spells              Type           Power        Failure   Level  Hunger
a - Sticks to Snakes      Tmut           ###.....     2%          2    None
b - Poisonous Vapours     Pois/Air       ###...       2%          2    None
c - Dazzling Flash        Conj/Hex       ###...       4%          3    ##.....

Your spell library contained the following spells:

 Spells                   Type           Power        Failure   Level  Hunger
 Beastly Appendage        Tmut           ###...       1%          1    None
 Corona                   Hex            ###....      1%          1    None
 Ensorcelled Hibernation  Hex/Ice        ###...       2%          2    None
 Confuse                  Hex            ###.....     4%          3    ##.....
 Conjure Flame            Conj/Fire      ###.....     4%          3    ##.....
 Mephitic Cloud           Conj/Pois/Air  ###.....     4%          3    ##.....
 Spider Form              Tmut/Pois      ###.......   4%          3    ##.....
 Tukima's Dance           Hex            ###.....     4%          3    ##.....
 Ice Form                 Ice/Tmut       ###.....     16%         4    ####...
 Blade Hands              Tmut           ###.......   41%         5    #####..
 Freezing Cloud           Conj/Ice/Air   ###.......   94%         6    #######
 Ring of Flames           Chrm/Fire      ###.......   100%        7    #######


Dungeon Overview and Level Annotations

Branches:
Dungeon (11/15)            Temple (0/1) D:5            Lair (0/6) D:9
    Orc: D:9-12

Altars:
Ashenzari
Cheibriados
Elyvilon
Fedhas
Gozag
Kikubaaqudgha
Nemelex Xobeh
Uskayaw
Wu Jian
Xom
Zin

Shops:
D:8 [


Innate Abilities, Weirdness & Mutations

Your experience applies equally to all skills.
You have very sharp teeth.
Your uncanny sense of smell can sniff out nearby items.


Message History

The six-headed hydra barely misses you. The six-headed hydra bites you.
The six-headed hydra bites you but does no damage.
The six-headed hydra bites you!
* * * LOW HITPOINT WARNING * * *
The six-headed hydra bites you.
* * * LOW HITPOINT WARNING * * *
The six-headed hydra barely misses you.
Uskayaw will force your foes to helplessly watch your dance.
Uskayaw prepares the audience for your solo!
The helpless six-headed hydra fails to defend itself.
You hit the six-headed hydra.
The six-headed hydra is almost dead.
The six-headed hydra is no longer paralysed.
The six-headed hydra completely misses you.
The six-headed hydra bites you!
* * * LOW HITPOINT WARNING * * *
The six-headed hydra bites you.
* * * LOW HITPOINT WARNING * * *
The six-headed hydra bites you!
You die...

.....#..............#.#.#
.. ####..#............#
#####..#........#.#.#
##..........####.....# ∆
#.#.#.....)## ##....#
##...#...##†# #...##
#...##...##.# #####
##....#...##D#
####.........##@#
∆#8#..)...#...#..#
∆+.)))).........##
∆#8)))..)[....###
####[.))###...#
##)..###.#.# ##..##..#.#
#.)[#.##.# ##..#.##.#


You could see a six-headed hydra.

Vanquished Creatures
  A two-headed ogre (D:9)
  3 death yaks (D:9)
  Joseph (D:10)
  A merfolk (D:9)
  2 trolls
  A hornet (D:7)
  Grinder (D:3)
  A hippogriff (D:11)
  9 yaks
  A basilisk (shapeshifter) (D:9)
  A wyvern (D:11)
  A hungry ghost (D:6)
  Grum (D:11)
  Duvessa (D:7)
  3 orc warriors
  A sky beast (D:10)
  2 ice beasts
  4 phantoms
  A black bear (D:8)
  5 ogres
  2 centaurs (D:8)
  3 wolves (D:11)
  A big kobold (D:8)
  5 bullfrogs
  Dowan (D:7)
  4 scorpions
  5 killer bees (D:9)
  6 wights
  4 crimson imps
  2 howler monkeys
  A centaur zombie (D:7)
  9 orc wizards
  A quasit (D:6)
  A bullfrog zombie (D:7)
  5 hounds
  4 orc priests
  A centaur skeleton (D:7)
  Crazy Yiuf (D:4)
  A jelly (D:8)
  A bullfrog skeleton (D:4)
  2 iguanas
  Ijyb (D:3)
  11 worker ants
  2 hound skeletons (D:5)
  A worker ant zombie (D:11)
  4 gnolls (D:6)
  2 river rats (D:9)
  7 adders
  5 shadow imps
  An adder zombie (D:7)
  3 adder skeletons
  A worm (D:3)
  4 dart slugs
  4 leopard geckos
  47 orcs
  7 giant cockroaches
  7 goblins
  10 hobgoblins
  3 jackals
  7 kobolds
  5 quokkas
  A ball python (D:8)
  7 bats
  4 frilled lizards
  2 jackal skeletons
  A leopard gecko skeleton (D:5)
  A leopard gecko zombie (D:8)
  A quokka skeleton (D:6)
  6 rats
  A fungus (D:4)
257 creatures vanquished.

Notes
Turn   | Place    | Note
-------+----------+-------------------------------------------
     0 | D:1      | MrRokkomies the Gnoll Wanderer began the quest for the Orb.
     0 | D:1      | MrRokkomies set off with the following items: a +0
                  | quarterstaff, 2 throwing nets, a +0 leather armour, a
                  | scroll of teleportation, a ration
     0 | D:1      | Reached XP level 1. HP: 20/20 MP: 1/1
   439 | D:1      | Reached XP level 2. HP: 14/26 MP: 2/2
  1151 | D:2      | Reached XP level 3. HP: 31/31 MP: 3/3
  1182 | D:2      | Found a hide-covered altar of Uskayaw.
  1193 | D:2      | Became a worshipper of Uskayaw the Reveler
  1341 | D:2      | Reached * piety under Uskayaw
  1472 | D:2      | Reached ** piety under Uskayaw
  1479 | D:2      | Reached skill level 1 in Invocations
  1730 | D:3      | Found a shattered altar of Ashenzari.
  1821 | D:3      | Reached skill level 1 in Short Blades
  1821 | D:3      | Reached skill level 1 in Long Blades
  1821 | D:3      | Reached skill level 1 in Axes
  1821 | D:3      | Reached skill level 1 in Polearms
  1821 | D:3      | Reached skill level 1 in Staves
  1821 | D:3      | Reached skill level 1 in Slings
  1821 | D:3      | Reached skill level 1 in Bows
  1821 | D:3      | Reached skill level 1 in Crossbows
  1821 | D:3      | Reached skill level 1 in Shields
  1821 | D:3      | Reached skill level 1 in Spellcasting
  1821 | D:3      | Reached skill level 1 in Evocations
  1822 | D:3      | Reached XP level 4. HP: 38/38 MP: 5/5
  1823 | D:3      | Reached *** piety under Uskayaw
  1824 | D:3      | Reached skill level 1 in Conjurations
  1824 | D:3      | Reached skill level 1 in Hexes
  1824 | D:3      | Reached skill level 1 in Charms
  1824 | D:3      | Reached skill level 1 in Summonings
  1824 | D:3      | Reached skill level 1 in Necromancy
  1824 | D:3      | Reached skill level 1 in Translocations
  1824 | D:3      | Reached skill level 1 in Transmutations
  1824 | D:3      | Reached skill level 1 in Fire Magic
  1824 | D:3      | Reached skill level 1 in Ice Magic
  1824 | D:3      | Reached skill level 1 in Air Magic
  1824 | D:3      | Reached skill level 1 in Earth Magic
  1824 | D:3      | Reached skill level 1 in Poison Magic
  1824 | D:3      | Reached **** piety under Uskayaw
  1853 | D:3      | Noticed an angel
  1854 | D:3      | Found a glowing silver altar of Zin.
  1879 | D:3      | Reached XP level 5. HP: 40/43 MP: 6/6
  1931 | D:3      | Noticed Grinder
  1944 | D:3      | Killed Grinder
  1944 | D:3      | Reached skill level 5 in Fighting
  1944 | D:3      | Reached skill level 5 in Armour
  1944 | D:3      | Reached skill level 5 in Unarmed Combat
  1944 | D:3      | Reached XP level 6. HP: 48/51 MP: 6/8
  2200 | D:3      | Noticed Ijyb
  2226 | D:3      | Paralysed by Ijyb for 5 turns
  2234 | D:3      | Killed Ijyb
  2485 | D:4      | Found a sparkling altar of Nemelex Xobeh.
  2646 | D:4      | Reached XP level 7. HP: 56/56 MP: 10/10
  3220 | D:4      | Found a runed translucent door.
  3221 | D:4      | Noticed Crazy Yiuf
  3227 | D:4      | Killed Crazy Yiuf
  3273 | D:5      | Entered Level 5 of the Dungeon
  3499 | D:5      | Found an ornate altar of the Wu Jian Council.
  3626 | D:5      | Reached XP level 8. HP: 39/63 MP: 12/12
  3643 | D:5      | Found a staircase to the Ecumenical Temple.
  4263 | D:6      | Found a snail-covered altar of Cheibriados.
  4263 | D:6      | Found a blossoming altar of Fedhas.
  4263 | D:6      | Found a shimmering altar of Xom.
  5328 | D:7      | Noticed a hornet
  5337 | D:7      | Noticed Duvessa
  5344 | D:7      | Reached XP level 9. HP: 44/69 MP: 14/14
  5344 | D:7      | Reached ***** piety under Uskayaw
  5345 | D:7      | Identified the +5 war axe of the Dozen Blessings {vamp,
                  | rElec rN+ Int+3 Dex-3}
  5345 | D:7      | Noticed Dowan
  5347 | D:7      | Killed Duvessa
  5781 | D:7      | Paralysed by a hornet for 2 turns
  5785 | D:7      | Killed a hornet
  5969 | D:7      | Found an ancient bone altar of Kikubaaqudgha.
  5991 | D:7      | Killed Dowan
  6082 | D:7      | Found a white marble altar of Elyvilon.
  6346 | D:8      | Found an opulent altar of Gozag.
  6646 | D:8      | Reached skill level 5 in Maces & Flails
  6646 | D:8      | Reached skill level 5 in Throwing
  6646 | D:8      | Reached skill level 5 in Dodging
  6660 | D:8      | Reached skill level 5 in Stealth
  7046 | D:8      | Reached skill level 5 in Invocations
  7084 | D:8      | Found Jixzyb's Antique Armour Boutique.
  7095 | D:8      | Bought a brightly glowing cloak for 332 gold pieces
  7095 | D:8      | Bought a pair of gloves for 157 gold pieces
  7110 | D:8      | Identified the +0 cloak of Okawaru's Pride {Str+3 Int+2}
                  | (You bought it in a shop on level 8 of the Dungeon)
  7362 | D:9      | Noticed a two-headed ogre
  7380 | D:9      | Killed a two-headed ogre
  7380 | D:9      | Reached XP level 10. HP: 52/77 MP: 17/17
  7387 | D:9      | Reached skill level 5 in Short Blades
  7387 | D:9      | Reached skill level 5 in Long Blades
  7387 | D:9      | Reached skill level 5 in Axes
  7387 | D:9      | Reached skill level 5 in Polearms
  7387 | D:9      | Reached skill level 5 in Staves
  7387 | D:9      | Reached skill level 5 in Slings
  7387 | D:9      | Reached skill level 5 in Bows
  7387 | D:9      | Reached skill level 5 in Crossbows
  7387 | D:9      | Reached skill level 5 in Shields
  7387 | D:9      | Reached skill level 5 in Spellcasting
  7387 | D:9      | Reached skill level 5 in Evocations
  7788 | D:9      | Noticed a death yak
  7804 | D:9      | Noticed a death yak
  7804 | D:9      | Noticed a death yak
  7808 | D:9      | Killed a death yak
  7813 | D:9      | Killed a death yak
  7813 | D:9      | Killed a death yak
  7813 | D:9      | Reached XP level 11. HP: 43/84 MP: 17/19
  7933 | D:9      | Identified a scroll of acquirement
  7949 | D:9      | Found a staircase to the Lair.
  8496 | D:9      | Reached skill level 5 in Conjurations
  8496 | D:9      | Reached skill level 5 in Hexes
  8496 | D:9      | Reached skill level 5 in Charms
  8496 | D:9      | Reached skill level 5 in Summonings
  8496 | D:9      | Reached skill level 5 in Necromancy
  8496 | D:9      | Reached skill level 5 in Translocations
  8496 | D:9      | Reached skill level 5 in Transmutations
  8496 | D:9      | Reached skill level 5 in Fire Magic
  8496 | D:9      | Reached skill level 5 in Ice Magic
  8496 | D:9      | Reached skill level 5 in Air Magic
  8496 | D:9      | Reached skill level 5 in Earth Magic
  8496 | D:9      | Reached skill level 5 in Poison Magic
  8541 | D:10     | Entered Level 10 of the Dungeon
  8785 | D:10     | Noticed Joseph
  8797 | D:10     | Killed Joseph
  9378 | D:11     | Learned a level 2 spell: Sticks to Snakes
  9381 | D:11     | Learned a level 2 spell: Poisonous Vapours
  9385 | D:11     | Learned a level 3 spell: Dazzling Flash
  9502 | D:11     | Noticed Grum
  9504 | D:11     | Noticed a six-headed hydra
  9524 | D:11     | Killed Grum
  9525 | D:11     | Slain by a six-headed hydra

Levels and vault maps discovered:
D:1:      dpeg_arrival_stonehenge_12_columns, layout_basic
D:2:      layout_rooms, eat_drink_and_be_merry_uskayaw
D:3:      layout_basic, zin_angel, ashenzari_conservatory_becter, uniq_grinder,
          uniq_ijyb
D:4:      layout_loops_ring, lemuel_round_altar, uniq_crazy_yiuf_cottage
D:5:      layout_loops_ring, lemuel_coloured_pillars_altar,
          minmay_temple_entry_slanted, first_ration
D:6:      layout_rooms, gammafunk_temple_overflow_forgotten
D:7:      layout_cave_pools, elyvilon_altar_3, basic_altar, uniq_duvessa
D:8:      layout_loops_cross, serial_shops, shop, grunt_gozag_statues
D:9:      layout_rooms, dpeg_lair_monsters, hangedman_fish_farm,
          kennysheep_generic_room_13
D:10:     layout_irregular_city, uniq_joseph
D:11:     layout_rooms, hiddenorc1_lemuel, serial_glass, glass_columns_b,
          glass_columns_a, kennysheep_doodads, grunt_decor_cap,
          grunt_ministairs_11, eino_small_chamber_without_monster,
          uniq_nergalle, uniq_grum, uniq_fannar

Skill      XL: |  1  2  3  4  5  6  7  8  9 10 11 |
---------------+----------------------------------+-----
Invocations    | 1 2 3 4 5 6 7 |  7.0
Short Blades   | 1 2 3 4 5 6 |  6.3
Long Blades    | 1 2 3 4 5 6 |  6.3
Axes           | 1 2 3 4 5 6 |  6.3
Polearms       | 1 2 3 4 5 6 |  6.3
Staves         | 1 2 3 4 5 6 |  6.3
Slings         | 1 2 3 4 5 6 |  6.3
Bows           | 1 2 3 4 5 6 |  6.3
Crossbows      | 1 2 3 4 5 6 |  6.3
Shields        | 1 2 3 4 5 6 |  6.3
Spellcasting   | 1 2 3 4 5 6 |  6.3
Evocations     | 1 2 3 4 5 6 |  6.3
Conjurations   | 1 2 3 4 5 |  5.2
Hexes          | 1 2 3 4 5 |  5.2
Charms         | 1 2 3 4 5 |  5.2
Summonings     | 1 2 3 4 5 |  5.2
Necromancy     | 1 2 3 4 5 |  5.2
Translocations | 1 2 3 4 5 |  5.2
Transmutations | 1 2 3 4 5 |  5.2
Fire Magic     | 1 2 3 4 5 |  5.2
Ice Magic      | 1 2 3 4 5 |  5.2
Air Magic      | 1 2 3 4 5 |  5.2
Earth Magic    | 1 2 3 4 5 |  5.2
Poison Magic   | 1 2 3 4 5 |  5.2
Fighting       | 5 6 7 |  7.9
Maces & Flails | 3 4 5 6 |  6.9
Throwing       | 3 4 5 6 |  6.9
Armour         | 5 6 7 |  7.9
Dodging        | 3 4 5 6 |  6.9
Stealth        | 3 4 5 6 |  6.8
Unarmed Combat | 5 6 7 |  7.9

Action                   |  1- 3 |  4- 6 |  7- 9 | 10-12 || total
-------------------------+-------+-------+-------+-------++-------
Melee: Quarterstaff      |   130 |     9 |       |       ||   139
       Bite              |    14 |     7 |    31 |    22 ||    74
       Hand axe          |       |    66 |   233 |       ||   299
       Punch             |       |     1 |     8 |     3 ||    12
       War axe           |       |       |    69 |    75 ||   144
       Great sword       |       |       |       |   114 ||   114
 Fire: Shortbow          |       |       |     6 |       ||     6
Throw: Javelin           |     3 |    11 |     2 |       ||    16
       Boomerang         |     1 |       |    13 |    37 ||    51
       Throwing net      |       |       |     3 |     2 ||     5
Invok: Line Pass         |       |       |     2 |       ||     2
Evoke: Wand              |       |       |     2 |     2 ||     4
       Lightning rod     |       |       |       |     4 ||     4
  Use: Scroll            |     3 |     6 |     6 |     3 ||    18
       Potion            |       |     1 |     1 |     1 ||     3
 Stab: Sleeping          |     5 |     1 |     8 |     7 ||    21
       Fleeing           |       |     1 |       |       ||     1
       Paralysed         |       |       |    20 |     8 ||    28
       Held in net/web   |       |       |     1 |     2 ||     3
  Eat: Chunk             |     3 |     3 |    15 |     7 ||    28
       Ration            |       |       |     2 |       ||     2
Armor: Leather armour    |    11 |       |    21 |    54 ||    86
       Ring mail         |    54 |    32 |    59 |       ||   145
       Skin              |       |     7 |       |       ||     7
       Chain mail        |       |       |    73 |       ||    73
Dodge: Dodged            |   110 |    48 |   231 |   182 ||   571
       Rpst.: Great sword |       |       |       |    35 ||    35

Table legend:
 A = Non-vault XP
 B = Vault XP
 C = Vault XP percentage of total XP
 D = Non-vault monster count
 E = Vault monster count
 F = Vault count percentage of total count
                 A         B        C        D         E       F
            +---------+---------+-------+---------+---------+-------
      Total |    9859 |    5014 |  33.7 |     220 |      36 |  14.1
            +---------+---------+-------+---------+---------+-------
        D:1 |      28 |       0 |   0.0 |      19 |       0 |   0.0
        D:2 |      41 |       0 |   0.0 |      16 |       0 |   0.0
        D:3 |     120 |     302 |  71.6 |      27 |       2 |   6.9
        D:4 |     303 |      40 |  11.7 |       6 |       1 |  14.3
        D:5 |     642 |       0 |   0.0 |      30 |       0 |   0.0
        D:6 |     789 |       0 |   0.0 |      26 |       0 |   0.0
        D:7 |     608 |     220 |  26.6 |      12 |       2 |  14.3
        D:8 |    1436 |       0 |   0.0 |      17 |       0 |   0.0
        D:9 |    3645 |    3262 |  47.2 |      37 |       9 |  19.6
       D:10 |    1217 |     445 |  26.8 |      22 |       1 |   4.3
       D:11 |    1030 |     745 |  42.0 |       8 |      21 |  72.4
            +---------+---------+-------+---------+---------+-------
